 Dungeon Crawl Stone Soup version 0.23.2-40-g277498a001 (webtiles) character file.

Game seed: 9977716855408608610

144 MalarOregon the Sneak (level 5, -2/38 HPs)
             Began as a Draconian Enchanter on Sept 19, 2019.
             Slain by Eustachio
             ... wielding a +0 rapier
              (7 damage)
             ... on level 4 of the Dungeon.
             The game lasted 00:05:15 (4488 turns).

MalarOregon the Sneak (Draconian Enchanter)         Turns: 4488, Time: 00:05:15

Health: -2/38      AC:  5    Str: 10    XL:     5   Next: 5%
Magic:  2/9        EV: 12    Int: 16    God:
Gold:   165        SH:  0    Dex: 12    Spells: 6/9 levels left

rFire    + . .     SeeInvis .   a - +1 dagger
rCold    + . .     Gourm    .   (no shield)
rNeg     + . .     Faith    .   (armour unavailable)
rPois    .         Spirit   .   (helmet restricted)
rElec    .         Reflect  .   t - scarf {rC+ rF+}
rCorr    .         Harm     .   (no gloves)
MR       +....                  (no boots)
Stlth    ++........             o - amulet of rage
HPRegen  0.12/turn              l - ring of protection from magic
MPRegen  0.11/turn              m - ring of positive energy

@: no status effects
A: unfitting armour, cold-blooded, AC +5
a: Evoke Berserk Rage


You were on level 4 of the Dungeon.
You were not hungry.

You visited 1 branch of the dungeon, and saw 4 of its levels.

You collected 165 gold pieces.

Inventory:

Hand Weapons
 a - a +1 dagger (weapon)
Armour
 t - a scarf of resistance (worn)
   (You found it on level 3 of the Dungeon)
Jewellery
 l - a ring of protection from magic (left hand)
   (You found it on level 1 of the Dungeon)
 m - a ring of positive energy (right hand)
   (You found it on level 2 of the Dungeon)
 o - an amulet of rage (around neck)
   (You found it on level 3 of the Dungeon)
Scrolls
 b - 2 scrolls of remove curse {unknown}
 c - 2 scrolls of fear {unknown}
 f - a scroll of identify {unknown}
 i - a scroll of fog {unknown}
 n - a scroll of random uselessness {unknown}
 s - a scroll of noise {unknown}
Potions
 d - a potion of curing {unknown}
 g - 2 potions of lignification {unknown}
 h - a potion of invisibility {unknown}
 j - a potion of degeneration {unknown}
 k - a potion of might {unknown}
 p - a potion of brilliance {unknown}
 r - a potion of berserk rage {unknown}
Comestibles
 e - 5 rations {!d}


   Skills:
 + Level 2.1 Short Blades
 + Level 2.5 Dodging
 + Level 3.4 Stealth
 + Level 2.6 Spellcasting
 + Level 3.3 Hexes
 - Level 1.0 Ice Magic


You had 6 spell levels left.
You knew the following spells:

 Your Spells              Type           Power        Failure   Level  Hunger
a - Corona                Hex            ##.....      4%          1    #......
x - Ensorcelled Hibernat  Hex/Ice        #.....       12%         2    ##.....

Your spell library contained the following spells:

 Spells                   Type           Power        Failure   Level  Hunger
 Confuse                  Hex            ##......     14%         3    ###....
 Tukima's Dance           Hex            ##......     14%         3    ###....
 Dazzling Spray           Conj/Hex       #.....       28%         3    ###....


Dungeon Overview and Level Annotations

Branches:
Dungeon (4/15)
 Temple: D:4-7

Altars:

Annotations:
D:4 Eustachio


Innate Abilities, Weirdness & Mutations

Your plain brown scales are hard. (AC +5)
You cannot fit into any form of body armour.
You are cold-blooded and may be slowed by cold attacks.


Message History

Eustachio blinks!
There is a stone staircase leading down, spattered with blood here.
Done exploring.
Eustachio hits you but does no damage.
Aim: Eustachio, wielding a +0 rapier and wearing a +0 leather armour (moderately wounded, chance to defeat MR: 40%) Eustachio resists with some effort.
Eustachio gestures wildly while chanting.
Aim: Eustachio, wielding a +0 rapier and wearing a +0 leather armour (moderately wounded, chance to defeat MR: 40%) Eustachio resists with some effort.
Eustachio hits you but does no damage. The shadow imp hits you.
Aim: Eustachio, wielding a +0 rapier and wearing a +0 leather armour (moderately wounded, chance to defeat MR: 40%) Eustachio resists with some effort.
Eustachio hits you with a +0 rapier. The shadow imp gestures at you.
You resist with some effort.
Aim: Eustachio, wielding a +0 rapier and wearing a +0 leather armour (moderately wounded, chance to defeat MR: 40%) Eustachio looks drowsy...
The shadow imp misses you.
The helpless Eustachio fails to defend himself.
You puncture Eustachio! Eustachio hits you with a +0 rapier.
The shadow imp hits you.
Eustachio gestures wildly while chanting.
Eustachio blinks!
There is a stone staircase leading down, spattered with blood here.
Eustachio closely misses you. The shadow imp gestures at you.
Pain shoots through your body!
* * * LOW HITPOINT WARNING * * *
You climb downwards.
The shadow imp disappears in a puff of smoke!
The white imp disappears in a puff of smoke!
There is a stone staircase leading up here.
Unknown command.
You hit Eustachio but do no damage. You hit Eustachio.
Eustachio mumbles some strange words.
You barely miss Eustachio.
Your tail-slap misses Eustachio.
Eustachio asks, "How can you live without manners, virtues and honour?"
Eustachio hits you but does no damage.
Unknown command.
You hit Eustachio. The river rat barely misses you.
Eustachio hits you with a +0 rapier.
* * * LOW HITPOINT WARNING * * *
Aim: Eustachio, wielding a +0 rapier and wearing a +0 leather armour (severely wounded, not susceptible)
Okay, then.
You closely miss Eustachio.
Your tail-slap misses Eustachio.
The rat misses you. The rat barely misses you.
The river rat closely misses you. Eustachio barely misses you.
You closely miss Eustachio. The river rat bites you!
* * * LOW HITPOINT WARNING * * *
The rat bites you but does no damage. x2; Eustachio hits you with a +0 rapier!
You die...

##############
+....r@@......
#.###rr#######
#.###..# #.....##
.....l.###.......
....... +.......
....... #.......
.ยง.@... #.###...
....... #.# ...


You could see Eustachio, a river rat and 2 rats.

Vanquished Creatures
  An orc priest (D:3)
  Robin (D:2)
  2 adders
  A worm (D:2)
  3 leopard geckos
  15 orcs
  A ball python (D:2)
  3 giant cockroaches
  13 goblins
  4 hobgoblins
  4 bats
  4 frilled lizards
  6 kobolds
  6 rats
64 creatures vanquished.

Notes
Turn   | Place    | Note
-------+----------+-------------------------------------------
     0 | D:1      | MalarOregon the Draconian Enchanter began the quest for the
                  | Orb.
     0 | D:1      | Reached XP level 1. HP: 14/14 MP: 3/3
   549 | D:1      | Reached XP level 2. HP: 11/20 MP: 5/5
   715 | D:1      | Learned a level 2 spell: Ensorcelled Hibernation
  1086 | D:2      | Noticed Robin
  1640 | D:2      | Reached XP level 3. HP: 20/26 MP: 6/6
  2633 | D:3      | Reached XP level 4. HP: 33/33 MP: 7/7
  2733 | D:3      | Reached skill level 1 in Ice Magic
  3638 | D:2      | Killed Robin
  3638 | D:2      | Reached XP level 5. HP: 32/38 MP: 3/9
  4194 | D:4      | Noticed Eustachio
  4488 | D:4      | Slain by Eustachio

Skill      XL: |  1  2  3  4 |
---------------+-------------+-----
Dodging        | 2 |  2.5
Hexes          | 3 |  3.3
Stealth        | 3 |  3.4
Short Blades   | 2 |  2.1
Ice Magic      | 1 |  1.0
Spellcasting   | |  2.6

Action                   |  1- 3 |  4- 6 || total
-------------------------+-------+-------++-------
Melee: Dagger            |   144 |   118 ||   262
       Tailslap          |    14 |    11 ||    25
 Cast: Ensorcelled Hiber |     6 |    13 ||    19
 Abil: Evoke Berserk Rag |       |     1 ||     1
 Stab: Sleeping          |    12 |     7 ||    19
  Eat: Chunk             |     6 |     7 ||    13
Armor: Skin              |    38 |    35 ||    73
Dodge: Dodged            |    97 |    72 ||   169
